 Dungeon Crawl Stone Soup version 0.25-a0-189-gf71692caf1 (webtiles) character file.

Game seed: 1985951880644139216, levelgen mode: deterministic

8621 sankara the Protected (level 11, -3/89 HPs)
             Began as a Minotaur Transmuter on Nov 28, 2019.
             Was an Elder of Okawaru.
             Slain by a black mamba (7 damage)
             ... on level 8 of the Dungeon on Nov 29, 2019.
             The game lasted 01:03:51 (14065 turns).

sankara the Protected (Minotaur Transmuter)        Turns: 14065, Time: 01:03:52

Health: -3/89      AC:  8    Str: 18    XL:     11   Next: 12%
Magic:  7/12       EV: 13    Int: 10    God:    Okawaru [****..]
Gold:   99         SH:  0    Dex: 11    Spells: 1/12 levels left

rFire    . . .     SeeInvis .     - Unarmed
rCold    . . .     Gourm    .   (no shield)
rNeg     + . .     Faith    .   o - +0 ring mail {MR+}
rPois    +         Spirit   .   (helmet restricted)
rElec    .         Reflect  .   (no cloak)
rCorr    .         Harm     .   x - +0 pair of gloves
MR       ++...                  (boots currently unavailable)
Stlth    +.........             (no amulet)
HPRegen  0.24/turn              q - ring "Mecol" {rPois rN+}
MPRegen  0.13/turn              S - ring of protection from magic {MR+, !d}

@: appendage (expiring), very slightly contaminated, invisible
A: retaliatory headbutt, horns 2, talons 3
a: End Transformation, Heroism, Renounce Religion


You were on level 8 of the Dungeon.
You worshipped Okawaru.
Okawaru was greatly pleased with you.
You were near starving.
You had grown temporary talons.
You visited 3 branches of the dungeon, and saw 10 of its levels.

You collected 504 gold pieces.
You spent 405 gold pieces at shops.

Inventory:

Hand Weapons
 p - a +0 dagger
   (You took it off a kobold on level 2 of the Dungeon)
 y - a cursed -1 war axe
   (You found it on level 3 of the Dungeon)
 K - a +0 fustibalus
   (You found it on level 5 of the Dungeon)
 M - a +0 shortbow
   (You took it off a centaur on level 6 of the Dungeon)
Missiles
 a - 104 arrows
 e - 202 stones (quivered)
 g - 169 sling bullets
 m - 37 bolts
 A - a throwing net {=f, !d}
 E - 6 poisoned darts
 H - 17 boomerangs
Armour
 o - a +0 ring mail of magic resistance (worn)
   (You took it off an orc on level 7 of the Dungeon)
 x - a +0 pair of gloves (worn)
   (You found it on level 3 of the Dungeon)
 P - a cursed +0 pair of boots
   (You found it on level 8 of the Dungeon)
Jewellery
 b - a +5 ring of dexterity
   (You found it on level 7 of the Dungeon)
 q - the ring "Mecol" (left hand) {rPois rN+}
   (You bought it in a shop on level 7 of the Dungeon)

   [ring of poison resistance]

   It protects you from poison.
   It protects you from negative energy.
 u - a +4 ring of strength
   (You found it on level 3 of the Dungeon)
 F - an uncursed ring of ice {rC+, rF-}
   (You found it on level 5 of the Dungeon)
 S - a ring of protection from magic (right hand) {MR+, !d}
   (You took it off an orc priest on level 8 of the Dungeon)
Wands
 n - a wand of flame (6)
   (You found it on level 7 of the Dungeon)
 r - a wand of clouds (5)
   (You found it on level 6 of the Dungeon)
 J - a wand of iceblast (8)
   (You found it on level 5 of the Dungeon)
 O - a wand of digging (12)
   (You found it on level 6 of the Dungeon)
 Q - a wand of random effects (19)
   (You found it on level 6 of the Dungeon)
Scrolls
 f - a scroll of magic mapping {unknown}
 i - 6 scrolls of identify
 j - 4 scrolls of fear
 w - 2 scrolls of amnesia {unknown}
 z - 6 scrolls of teleportation
 B - 4 scrolls of remove curse
 C - a scroll of noise {unknown}
 D - a scroll of holy word {unknown}
 N - a scroll of enchant weapon {unknown}
Potions
 c - 7 potions of curing
 h - 2 potions of agility
 k - a potion of lignification {!q}
 l - a potion of cancellation
 s - 3 potions of heal wounds
 I - a potion of flight
 L - a potion of haste
 R - a potion of magic {unknown}
 T - 2 potions of ambrosia {unknown}
Comestibles
 d - 22 rations


   Skills:
 - Level 6.0 Fighting
 - Level 10.0 Armour
 - Level 5.0 Dodging
 - Level 10.0 Unarmed Combat
 - Level 1.3 Spellcasting
 + Level 9.1 Transmutations


You had one spell level left.
You knew the following spells:

 Your Spells              Type           Power        Failure   Level  Hunger
a - Beastly Appendage     Tmut           ###...       1%          1    ##.....
b - Sticks to Snakes      Tmut           ###.....     1%          2    ###....
c - Spider Form           Tmut/Pois      #.........   24%         3    ####...
d - Blade Hands           Tmut           ###.......   32%         5    ######.

Your spell library contained the following spells:

 Spells                   Type           Power        Failure   Level  Hunger
 Ice Form                 Ice/Tmut       #.......     61%         4    #####..


Dungeon Overview and Level Annotations

Branches:
Dungeon (8/15)             Temple (1/1) D:6            Lair (1/6) D:8

Altars:
Ashenzari
Cheibriados
Dithmenos
Elyvilon
Fedhas
Gozag
Hepliaklqana
Kikubaaqudgha
Makhleb
Nemelex Xobeh
Okawaru
Qazlal
Ru
Sif Muna
Trog
Uskayaw
Vehumet
Wu Jian
Xom
Yredelemnul
Zin
The Shining One

Shops:
D:7 =   D:8 %

Annotations:
D:3 3 runed translucent doors, MisterFreud's ghost, amateur FeAr
D:4 2 runed translucent doors, Leeroy's ghost, amateur DrSk


Innate Abilities, Weirdness & Mutations

You reflexively headbutt those who attack you in melee.
You have a pair of horns on your head.
You have claws for feet.


Message History

You punch the four-headed hydra! You claw the four-headed hydra.
The four-headed hydra is moderately wounded.
The four-headed hydra bites you but does no damage.
The four-headed hydra barely misses you.
The four-headed hydra closely misses you.
The four-headed hydra bites you!
You punch the four-headed hydra! Your kick misses the four-headed hydra.
The four-headed hydra is heavily wounded.
You pummel the four-headed hydra!! You claw the four-headed hydra!
The four-headed hydra is almost dead.
The four-headed hydra bites you! The four-headed hydra bites you.
The four-headed hydra bites you! The four-headed hydra bites you.
You are feeling very hungry.
You barely miss the four-headed hydra. You claw the four-headed hydra.
You kill the four-headed hydra!
Okawaru is honoured by your kill.
Training target 9.0 for Transmutations reached!
Your Transmutations skill increases to level 9!
You need to enable at least one skill for training.
The bullfrog closely misses you.
You punch the bullfrog! You claw the bullfrog!
You kill the bullfrog!
Okawaru accepts your kill.
You see here a hydra corpse.
You feel a strong urge to attack something.
You feel your anger nearly subside.
You are no longer berserk.
You are exhausted.
You feel yourself slow down.
You feel like a meek peon again.
Your transformation is almost over.
Your talons disappear.
You feel yourself speed up.
You recover from your berserk rage.
There is a staircase back to the Dungeon, spattered with blood here.
A hippogriff comes into view.
The hippogriff screeches!
Casting: Beastly Appendage (safe; 1% risk of failure)
Confirm with . or Enter, or press ? or * to list all spells.
Okay, then.
Unknown command.
Casting: Beastly Appendage (safe; 1% risk of failure)
Confirm with . or Enter, or press ? or * to list all spells.
The spell is very dangerous to cast (32% risk of failure)!
Continue anyway?
You miscast Blade Hands.
You are very lightly contaminated with residual magic.
Nothing appears to happen.
You are near starving!
Casting: Blade Hands (very dangerous; 32% risk of failure)
Confirm with . or Enter, or press ? or * to list all spells.
Your feet morph into talons.
A black mamba comes into view.
The black mamba hisses angrily.
The hippogriff barely misses you. The hippogriff pecks you.
The hippogriff claws you but does no damage.
You barely miss the hippogriff. You headbutt the hippogriff.
The hippogriff is lightly wounded.
The hippogriff bites you. The hippogriff pecks you. The hippogriff claws you.
You punch the hippogriff! You claw the hippogriff.
The hippogriff is heavily wounded.
You punch the hippogriff! Your headbutt misses the hippogriff.
The hippogriff is severely wounded.
The hippogriff closely misses you. The hippogriff pecks you.
The hippogriff claws you. The black mamba bites you! The black mamba bites you!
The black mamba bites you but does no damage.
You gain the combat prowess of a mighty hero.
The black mamba bites you but does no damage.
The black mamba barely misses you. You furiously retaliate!
You headbutt the black mamba, but do no damage.
The black mamba barely misses you. The black mamba barely misses you.
You furiously retaliate!
You headbutt the black mamba, but do no damage.
The black mamba closely misses you. You furiously retaliate!
You headbutt the black mamba! The black mamba bites you.
The black mamba barely misses you. The black mamba completely misses you.
You feel like a meek peon again. The black mamba bites you!
* * * LOW HITPOINT WARNING * * *
The black mamba misses you.
There is a staircase back to the Dungeon, spattered with blood here.
The black mamba bites you but does no damage.
The black mamba misses you.
You climb upwards.
Welcome back to the Dungeon!
There is a staircase to the Lair, spattered with blood here.
Okay, then.
Unknown command.
You miss the black mamba. Your kick misses the black mamba.
The black mamba is lightly wounded.
The black mamba bites you!
* * * LOW HITPOINT WARNING * * *
The black mamba bites you!
* * * LOW HITPOINT WARNING * * *
You fade into invisibility!
The black mamba bites you.
* * * LOW HITPOINT WARNING * * *
Your transformation is almost over.
The black mamba bites you!
You die...

##### ##### #...#
###...####
#...###........###
#...##......♣...P#
#...#........P...♣##
#................P.#
#<..##.♣...♣...♣.P.###
#...#♣.....♣..P.P....#
#......P....@P♣PP....#
#####...........S[....P..#
....##..........P.P......#
###.##............P......#
#..)...#.........P...#.#
####...#..♣P♣.......P#.#
#...##.PP.....P...#.##
######...###...........#..#
...>##...#
###P...........###


You could see a black mamba.

Vanquished Creatures
  A hydra (Lair:1)
  4 spiny frogs
  4 blink frogs
  A hippogriff (D:7)
  A wyvern (D:8)
  6 yaks (D:8)
  A hungry ghost (D:8)
  A basilisk (D:8)
  A human (D:7)
  4 hogs (D:7)
  Grum (D:7)
  A water moccasin (D:8)
  2 orc warriors (D:7)
  3 porcupines (D:8)
  2 sky beasts (D:7)
  A necrophage (D:7)
  A phantom (D:4)
  An ogre (D:8)
  3 wolves (D:7)
  A centaur (D:6)
  3 crocodiles (D:8)
  A big kobold (D:8)
  2 bullfrogs
  2 scorpions
  3 wights (D:7)
  An electric eel (D:6)
  2 howler monkeys
  7 crimson imps
  2 hounds
  4 jellies
  A quasit (D:6)
  6 orc priests
  7 orc wizards
  2 bullfrog skeletons (D:5)
  Jessica (D:3)
  An iguana (D:8)
  9 worker ants
  A hound zombie (D:6)
  A hound skeleton (D:7)
  8 adders
  8 gnolls
  3 shadow imps
  8 oozes
  2 adder zombies (D:6)
  An adder skeleton (D:5)
  A dart slug (D:2)
  4 worms (D:2)
  6 leopard geckos
  25 orcs
  4 bats
  14 giant cockroaches
  2 goblins
  6 hobgoblins
  15 jackals
  17 kobolds
  A quokka (D:7)
  3 ball pythons
  A ball python skeleton (D:4)
  5 frilled lizards
  A leopard gecko zombie (D:6)
  2 quokka skeletons
  10 rats
243 creatures vanquished.

Vanquished Creatures (collateral kills)
  A blink frog (D:8)
  A worm (D:3)
2 creatures vanquished.

Vanquished Creatures (others)
  A fungus (D:8)
  9 plants (D:8)
  9 toadstools (D:4)
19 creatures vanquished.

Grand Total: 264 creatures vanquished

Notes
Turn   | Place    | Note
-------+----------+-------------------------------------------
     0 | D:1      | sankara the Minotaur Transmuter began the quest for the
                  | Orb.
     0 | D:1      | Reached XP level 1. HP: 16/16 MP: 1/1
   244 | D:1      | Reached XP level 2. HP: 19/23 MP: 0/3
   565 | D:1      | Reached skill level 2 in Fighting
   869 | D:1      | Reached skill level 2 in Transmutations
   870 | D:1      | Reached XP level 3. HP: 29/29 MP: 2/4
   877 | D:1      | Learned a level 2 spell: Sticks to Snakes
  1086 | D:2      | HP: 7/29 [poisoned by an adder]
  1893 | D:2      | Reached skill level 4 in Unarmed Combat
  1893 | D:2      | Reached XP level 4. HP: 31/37 MP: 1/5
  2159 | D:2      | Reached skill level 3 in Dodging
  2652 | D:3      | Reached skill level 1 in Armour
  2680 | D:3      | Noticed Jessica
  2698 | D:3      | Killed Jessica
  2698 | D:3      | Reached skill level 3 in Fighting
  2864 | D:3      | Noticed MisterFreud's ghost (amateur FeAr)
  2872 | D:3      | Found a runed translucent gate.
  2872 | D:3      | Found a runed translucent gate.
  2872 | D:3      | Found a runed translucent gate.
  3013 | D:3      | Reached XP level 5. HP: 43/45 MP: 4/6
  3678 | D:4      | Reached skill level 2 in Armour
  3697 | D:4      | Learned a level 3 spell: Spider Form
  3702 | D:4      | Found a large runed translucent door.
  3702 | D:4      | Found a large runed translucent door.
  3706 | D:4      | Noticed Leeroy's ghost (amateur DrSk)
  3855 | D:4      | Reached skill level 3 in Transmutations
  3855 | D:4      | Reached XP level 6. HP: 28/51 MP: 4/7
  4156 | D:4      | Reached skill level 3 in Armour
  4156 | D:4      | Reached skill level 5 in Unarmed Combat
  4905 | D:4      | Reached XP level 7. HP: 45/58 MP: 5/8
  4943 | D:4      | Reached skill level 4 in Fighting
  5266 | D:4      | Reached skill level 4 in Armour
  5377 | D:5      | Entered Level 5 of the Dungeon
  5875 | D:5      | Reached skill level 4 in Transmutations
  5957 | D:5      | Reached skill level 6 in Unarmed Combat
  6020 | D:5      | Reached skill level 5 in Fighting
  6108 | D:5      | Reached skill level 5 in Armour
  6410 | D:5      | Reached XP level 8. HP: 63/68 MP: 7/9
  6728 | D:6      | Found a glowing silver altar of Zin.
  6863 | D:6      | Found a staircase to the Ecumenical Temple.
  6872 | Temple   | Entered the Ecumenical Temple
  7533 | D:6      | Reached skill level 6 in Armour
  7696 | D:5      | Upgraded the game from 0.25-a0-185-g6cfeca75b2 to
                  | 0.25-a0-189-gf71692caf1
  8111 | Temple   | Became a worshipper of Warmaster Okawaru
  8375 | D:7      | Reached skill level 7 in Unarmed Combat
  8664 | D:7      | Reached skill level 5 in Transmutations
  8777 | D:7      | Found Asmabojoe's Jewellery Shoppe.
  9043 | D:7      | Reached skill level 7 in Armour
  9112 | D:7      | Reached XP level 9. HP: 59/74 MP: 10/10
  9216 | D:7      | Reached * piety under Okawaru
  9470 | D:7      | Found a burning altar of Makhleb.
  9479 | D:7      | Reached skill level 8 in Unarmed Combat
  9729 | D:7      | Found a runed translucent door.
  9752 | D:7      | Found a runed translucent door.
 10001 | D:7      | Reached skill level 8 in Armour
 10010 | D:7      | Reached skill level 6 in Transmutations
 10307 | D:7      | Reached ** piety under Okawaru
 10307 | D:7      | Reached skill level 9 in Unarmed Combat
 10365 | D:8      | Noticed Grum
 10377 | D:7      | Reached skill level 9 in Armour
 10483 | D:7      | Killed Grum
 10806 | D:8      | Reached XP level 10. HP: 72/80 MP: 6/11
 10817 | D:8      | Learned a level 5 spell: Blade Hands
 11042 | D:8      | Reached *** piety under Okawaru
 11099 | D:8      | HP: 10/82 [wyvern (13)]
 11101 | D:8      | Reached skill level 4 in Dodging
 11104 | D:8      | HP: 7/82 [poisoned by a scorpion]
 11110 | D:8      | HP: 4/82 [poisoned by a scorpion]
 11116 | D:8      | HP: 2/82 [poisoned by a scorpion]
 11123 | D:8      | HP: 2/82 [poisoned by a scorpion]
 11131 | D:7      | HP: 2/82 [poisoned by a scorpion]
 11503 | D:8      | Reached skill level 6 in Fighting
 11739 | D:8      | Reached skill level 10 in Armour
 11746 | D:8      | Reached skill level 10 in Unarmed Combat
 11906 | D:8      | Reached skill level 5 in Dodging
 11984 | D:8      | Found a staircase to the Lair.
 12219 | D:8      | Found Ijon's Food Boutique.
 12389 | Lair:1   | Entered Level 1 of the Lair of Beasts
 12592 | D:8      | HP: 8/82 [blink frog (15)]
 12616 | D:8      | Reached skill level 7 in Transmutations
 12969 | Lair:1   | Noticed a spiny frog
 12973 | Lair:1   | Killed a spiny frog
 12973 | Lair:1   | Reached **** piety under Okawaru
 12973 | Lair:1   | Reached skill level 8 in Transmutations
 13093 | D:7      | Bought the ring "Mecol" {rPois rN+} for 405 gold pieces
 13232 | Lair:1   | Noticed a spiny frog
 13232 | Lair:1   | Noticed a spiny frog
 13237 | Lair:1   | Noticed a spiny frog
 13260 | D:8      | Killed a spiny frog
 13461 | D:8      | Killed a spiny frog
 13736 | Lair:1   | Killed a spiny frog
 13736 | Lair:1   | Reached XP level 11. HP: 53/89 MP: 6/12
 13917 | Lair:1   | Noticed a four-headed hydra
 13927 | Lair:1   | Killed a four-headed hydra
 13927 | Lair:1   | Reached skill level 9 in Transmutations
 14063 | D:8      | HP: 14/89 [black mamba (14)]
 14063 | D:8      | HP: 5/89 [black mamba (9)]
 14065 | D:8      | Slain by a black mamba

Levels and vault maps discovered:
D:1:      psy_arrival_whirlpool, layout_basic, grunt_decor_arrowhead,
          amethyst_killhole
D:2:      layout_loops_corners
D:3:      layout_basic, first_ration, gammafunk_ghost_split, serial_rivers,
          chequers_serial_rivers_micro_b, chequers_serial_rivers_large_a,
          chequers_serial_rivers_micro_d, chequers_serial_rivers_small_a,
          chequers_serial_rivers_large_b, uniq_jessica
D:4:      cheibrodos_fertilizer, layout_cave_pods, ebering_ghost_disaster_area,
          serial_glass, glass_columns_c, glass_columns_a, glass_columns_a,
          glass_columns_b, glass_columns_a, glass_columns_c,
          minmay_strange_pillars, minmay_unequal
D:5:      layout_basic
D:6:      layout_basic, minmay_temple_entry_antechambers, basic_altar,
          minmay_statues_item, grunt_decor_clamped, fountainhead
D:7:      lemuel_insect_pit, layout_loops_corners, makhleb_blood_cavern_becter,
          serial_shops, shop, grunt_livestock
D:8:      layout_rooms, minmay_lair_entry_grove, serial_shops, shop,
          kennysheep_generic_room_14, uniq_grum
Temple:   compressed_dpeg_triangle_lava_temple
Lair:1:   layout_concentric_octagons, special_room [special_room_bee],
          beast_lair_carwin_4

Skill      XL: |  1  2  3  4  5  6  7  8  9 10 11 |
---------------+----------------------------------+-----
Fighting       | 2 3 5 6 |  6.0
Transmutations | 2 3 4 5 6 8 9 |  9.1
Unarmed Combat | 4 5 6 7 9 10 | 10.0
Dodging        | 3 5 |  5.0
Armour         | 1 2 3 5 7 9 10 | 10.0
Spellcasting   | |  1.3

Action                   |  1- 3 |  4- 6 |  7- 9 | 10-12 || total
-------------------------+-------+-------+-------+-------++-------
Melee: Unarmed           |   100 |   154 |   357 |   130 ||   741
       Headbutt          |    17 |    20 |    52 |    19 ||   108
       Kick              |    17 |    43 |    77 |    28 ||   165
       Punch             |     1 |     3 |    13 |     4 ||    21
Throw: Stone             |       |     4 |     2 |       ||     6
       Dart              |       |       |     7 |     5 ||    12
       Boomerang         |       |       |     2 |     4 ||     6
 Cast: Beastly Appendage |    18 |    37 |    63 |    22 ||   140
       Sticks to Snakes  |     4 |     5 |       |     8 ||    17
       Spider Form       |       |       |     4 |     4 ||     8
       Blade Hands       |       |       |       |     3 ||     3
Invok: Heroism           |       |       |     2 |     7 ||     9
  Use: Scroll            |       |       |    12 |     2 ||    14
       Potion            |       |       |       |     3 ||     3
  Eat: Chunk             |     4 |    12 |    22 |    12 ||    50
       Ration            |       |       |     1 |       ||     1
Armor: Robe              |    10 |       |       |       ||    10
       Leather armour    |     4 |     1 |       |       ||     5
       Scale mail        |       |    53 |    34 |       ||    87
       Chain mail        |       |       |    56 |       ||    56
       Ring mail         |       |       |    31 |    30 ||    61
       Skin              |       |       |     1 |       ||     1
Dodge: Dodged            |    59 |    82 |   220 |    94 ||   455

Table legend:
 A = Non-vault XP
 B = Vault XP
 C = Vault XP percentage of total XP
 D = Non-vault monster count
 E = Vault monster count
 F = Vault count percentage of total count
                 A         B        C        D         E       F
            +---------+---------+-------+---------+---------+-------
      Total |    6775 |    5542 |  45.0 |     185 |      60 |  24.5
            +---------+---------+-------+---------+---------+-------
        D:1 |      49 |       0 |   0.0 |      24 |       0 |   0.0
        D:2 |      76 |       0 |   0.0 |      18 |       0 |   0.0
        D:3 |     136 |      37 |  21.4 |      22 |       1 |   4.3
        D:4 |     344 |     237 |  40.8 |      17 |      20 |  54.1
        D:5 |     623 |       0 |   0.0 |      32 |       0 |   0.0
        D:6 |     511 |       0 |   0.0 |      23 |       0 |   0.0
        D:7 |    1247 |    1859 |  59.9 |      22 |      22 |  50.0
        D:8 |    2042 |    2991 |  59.4 |      23 |      16 |  41.0
     Lair:1 |    1747 |     418 |  19.3 |       4 |       1 |  20.0
            +---------+---------+-------+---------+---------+-------

Levels and vault maps discovered:
D:1:      psy_arrival_whirlpool, layout_basic, grunt_decor_arrowhead,
          amethyst_killhole
D:2:      layout_loops_corners
D:3:      layout_basic, first_ration, gammafunk_ghost_split, serial_rivers,
          chequers_serial_rivers_micro_b, chequers_serial_rivers_large_a,
          chequers_serial_rivers_micro_d, chequers_serial_rivers_small_a,
          chequers_serial_rivers_large_b, uniq_jessica
D:4:      cheibrodos_fertilizer, layout_cave_pods, ebering_ghost_disaster_area,
          serial_glass, glass_columns_c, glass_columns_a, glass_columns_a,
          glass_columns_b, glass_columns_a, glass_columns_c,
          minmay_strange_pillars, minmay_unequal
D:5:      layout_basic
D:6:      layout_basic, minmay_temple_entry_antechambers, basic_altar,
          minmay_statues_item, grunt_decor_clamped, fountainhead
D:7:      lemuel_insect_pit, layout_loops_corners, makhleb_blood_cavern_becter,
          serial_shops, shop, grunt_livestock
D:8:      layout_rooms, minmay_lair_entry_grove, serial_shops, shop,
          kennysheep_generic_room_14, uniq_grum
Temple:   compressed_dpeg_triangle_lava_temple
Lair:1:   layout_concentric_octagons, special_room [special_room_bee],
          beast_lair_carwin_4

Table legend:
 A = Turns spent in this place as a percentage of turns spent in the entire game.
 B = Non-inter-level travel turns spent in this place as a percentage of non-inter-level travel turns spent in the entire game.
 C = Inter-level travel turns spent in this place as a percentage of turns spent in this place.
 D = Turns resting spent in this place as a percentage of non-inter-level travel turns spent in this place.
 E = Turns spent auto-exploring this place as a percentage of non-inter-level travel turns spent in this place.
 F = Non-inter-level travel turns spent in this place divided by the number of levels of this place that you've seen.
                   A       B       C       D       E      F
               +-------+-------+-------+-------+-------+----------------------
         Total | 100.0 | 100.0 |   7.2 |  34.9 |  45.8 | 1305.5
       Dungeon |  92.9 |  93.4 |   6.7 |  35.4 |  45.1 | 1524.6
        Temple |   2.2 |   2.2 |   6.6 |   0.0 |  91.9 | 283.0
          Lair |   4.9 |   4.4 |  17.1 |  40.2 |  37.4 | 575.0
               +-------+-------+-------+-------+-------+----------------------

Table legend:
 A = Kills in this place as a percentage of kills in entire the game.
 B = Kills by you in this place as a percentage of kills by you in the entire game.
 C = Kills by friends in this place as a percentage of kills by friends in the entire game.
 D = Other kills in this place as a percentage of other kills in the entire game.
 E = Experience gained in this place as a percentage of experience gained in the entire game.
 F = Experience gained in this place divided by the number of levels of this place that you have seen.
                   A       B       C       D       E      F
               +-------+-------+-------+-------+-------+----------------------
         Total | 100.0 | 100.0 | 100.0 |   N/A | 100.0 | 1231.7
       Dungeon |  98.0 |  97.9 | 100.0 |   N/A |  82.4 | 1269.0
          Lair |   2.0 |   2.1 |   0.0 |   N/A |  17.6 | 2165.0
               +-------+-------+-------+-------+-------+----------------------
